 Dungeon Crawl Stone Soup version 0.14.1-24-gbdbe590 (webtiles) character file.

219 Kenran the Insei (level 4, -4/31 HPs)
             Began as an Octopode Monk on June 19, 2014.
             Killed from afar by an orc wizard (6 damage)
             ... with a magic dart
             ... on Level 3 of the Dungeon.
             The game lasted 00:07:38 (1884 turns).

Kenran the Insei (Octopode Monk)                    Turns: 1884, Time: 00:07:38

HP  -4/31        AC  1     Str 10      XL: 4   Next: 90%
MP   4/4         EV 13     Int 12      God:
Gold 110         SH  0     Dex 15      Spells:  0 memorised,  3 levels left

rFire  . . .     SeeInvis .       - Unarmed
rCold  . . .     Clarity  .     (no shield)
rNeg   . . .     Conserve .     (helmet restricted)
rPois  .         rCorr    .     (no amulet)
rElec  .         rRot     .     (no ring)
SustAb . .       Spirit   .     (no ring)
rMut   .         Warding  .     (no ring)
Saprov . . .     Stasis   .     (no ring)
MR     .....                    (no ring)
                                (no ring)
                                (no ring)
                                (no ring)

@: not resistant to hostile enchantments, quite stealthy
A: almost no armour, amphibious, 8 rings, constrict 8, camouflage 1, gelatinous
body 1
a: no special abilities


You were on level 3 of the Dungeon.
You were not hungry.

You visited 1 branch of the dungeon, and saw 3 of its levels.

You collected 110 gold pieces.

Inventory:

Comestibles
 b - 3 bread rations
 c - a choko
 h - 2 meat rations
Scrolls
 d - a scroll of identify
 f - 2 scrolls of remove curse
Potions
 a - a potion of curing {unknown}
 i - a potion of heal wounds


   Skills:
 - Level 3.0 Fighting
 - Level 3.0 Dodging
 - Level 2.6 Stealth
 + Level 6.0 Unarmed Combat


You had 3 spell levels left.
You didn't know any spells.

Dungeon Overview and Level Annotations

Branches:
Dungeon (3/15)

Altars:
Zin


Innate Abilities, Weirdness & Mutations

You cannot wear most types of armour.
You are amphibious.
You can wear up to eight rings at the same time.
You can use your tentacles to constrict many enemies at once.
Your skin changes colour to match your surroundings (Stlth).
Your rubbery body absorbs attacks (AC +1).


Message History

An orc comes into view.
The orc wizard gestures at you while chanting.
The magic dart hits you!
The orc wizard casts a spell.
The orc wizard seems to speed up.
The orc wizard mumbles some strange words.
You feel a wave of unholy energy pass over you.
You see here a whip.
The orc wizard glows brightly for a moment.
The orc wizard glows brightly for a moment.
The orc wizard points at you and mumbles some strange words.
The puff of flame hits you!
* * * LOW HITPOINT WARNING * * *
The orc wizard gestures at you while chanting.
The puff of frost hits you!
* * * LOW HITPOINT WARNING * * *
The orc wizard cheers noisily.
The orc wizard points at you and mumbles some strange words.
The magic dart hits you!
You die...

#......#.#....#..... #.
#.%....#.#....#.....
##.#########.......#....#.....
..................o.o...o.....
..................o.#....#.....
#........####.......#....#...).
#..........(...).........#.#...
#........#####....#.#....#.#...
#........# #@...#.#.#.##.#...
###........#####....#.#.#.##.#...
....................)!.......####
...................%.........#
###........#####............. #
###.###%## #.............
#####.###.######.............
............................
........<..........[..###.#


You could see an orc wizard and an orc.

Vanquished Creatures
  3 adders
  2 giant mites
  An iguana zombie (D:3)
  2 giant geckos
  An ooze (D:3)
  2 orcs (D:3)
  5 bats
  3 giant cockroaches (D:1)
  12 goblins
  4 hobgoblins
  3 jackals (D:3)
  10 kobolds
  A quokka (D:2)
  2 ball pythons (D:1)
  A giant newt (D:3)
  4 rats
56 creatures vanquished.

Notes
Turn   | Place    | Note
--------------------------------------------------------------
     0 | D:1      | Kenran, the Octopode Monk, began the quest for the Orb.
     0 | D:1      | Reached XP level 1. HP: 16/16 MP: 1/1
   155 | D:1      | Reached XP level 2. HP: 11/21 MP: 2/2
   531 | D:1      | Reached XP level 3. HP: 26/26 MP: 3/3
   703 | D:1      | Reached skill level 5 in Unarmed Combat
  1186 | D:2      | Reached XP level 4. HP: 26/31 MP: 4/4
  1810 | D:3      | Reached skill level 6 in Unarmed Combat
  1817 | D:3      | Found a glowing silver altar of Zin.
  1884 | D:3      | Killed from afar by an orc wizard

Action                   |  1- 3 |  4- 6 || total
-------------------------+-------+-------++-------
Melee: Unarmed           |    65 |    50 ||   115
  Use: Scroll            |     5 |     1 ||     6
 Stab: Distracted        |     1 |       ||     1
       Sleeping          |     4 |     4 ||     8
